 Dungeon Crawl Stone Soup version 0.18-a0-971-g0af6217 (webtiles) character file.

4175 Duffy the Destroyer (level 10, -2/50 HPs)
             Began as a Deep Elf Fire Elementalist on Jan 2, 2016.
             Was an Initiate of Vehumet.
             Killed by divine providence
             ... invoked by an orc priest
              (15 damage)
             ... on level 10 of the Dungeon.
             The game lasted 00:14:01 (9910 turns).

Duffy the Destroyer (Deep Elf Fire Elementalist)    Turns: 9910, Time: 00:14:01

Health: -2/50      AC: 11    Str:  5    XL:     10   Next: 8%
Magic:  24/24      EV:  7    Int: 24    God:    Vehumet [......]
Gold:   402        SH:  0    Dex: 15    Spells: 4 memorised, 13 levels left

rFire  . . .     SeeInvis .     g - +0 short sword (protect)
rCold  . . .     Gourm    .     a - +0 robe
rNeg   . . .     Faith    .     (no shield)
rPois  .         Spirit   .     J - +0 helmet
rElec  .         Dismiss  .     d - +1 cloak
rCorr  .         Reflect  .     (no gloves)
SustAt .         Harm     .     m - +0 pair of boots
MR     +....                    (no amulet)
Stlth  ++........               (no ring)
                                Q - ring of flight

@: held, somewhat resistant to hostile enchantments, unstealthy
A: no striking features
a: Renounce Religion, Evoke Flight


You were on level 10 of the Dungeon.
You worshipped Vehumet.
Vehumet was noncommittal.
You were very hungry.

You visited 2 branches of the dungeon, and saw 10 of its levels.

You collected 402 gold pieces.


   Skills:
 + Level 0.1 Fighting
 + Level 2.5 Dodging
 - Level 2.4 Stealth
 - Level 8.8 Spellcasting
 - Level 10.4 Conjurations
 - Level 10.4 Fire Magic


You had 13 spell levels left.
You knew the following spells:

 Your Spells              Type           Power        Failure   Level  Hunger
a - Flame Tongue          Conj/Fire      #####        1%          1    None
j - Sticky Flame          Conj/Fire      ######..     1%          4    ##.....
l - Fireball              Conj/Fire      ######....   2%          5    ####...
n - Conjure Flame         Conj/Fire      ######..     1%          3    None

Inventory:

Hand Weapons
 g - a +0 short sword of protection (weapon)
 L - a +1 whip of electrocution
Missiles
 K - 32 poisoned needles
 S - a throwing net
Armour
 a - a +0 robe (worn)
 d - a +1 cloak (worn)
 m - a +0 pair of boots (worn)
 q - a +1 cloak
 J - a +0 helmet (worn)
 T - a -1 robe
Jewellery
 Q - a ring of flight (left hand)
Wands
 x - a wand of confusion (21/48)
 I - a wand of lightning (3/15)
 M - a wand of frost (17/48)
 N - a wand of paralysis (13/24)
 O - a wand of fire (10/15)
 R - a wand of enslavement (10/24)
Scrolls
 e - 2 scrolls of noise {unknown}
 f - a scroll of blinking {unknown}
 i - a scroll of amnesia {unknown}
 l - a scroll of teleportation
 n - 6 scrolls of remove curse
 u - a scroll of magic mapping {unknown}
 w - a scroll of enchant weapon {unknown}
 y - a scroll of random uselessness {unknown}
 D - 2 scrolls of recharging {unknown}
 E - 2 scrolls of fog
 F - a scroll of immolation {unknown}
 U - a scroll of enchant armour {unknown}
Potions
 h - a potion of heal wounds
 j - 3 potions of haste
 k - a potion of cancellation
 p - a potion of lignification {unknown}
 t - 2 potions of brilliance
 z - a potion of magic {unknown}
 B - a potion of flight {unknown}
 C - 2 potions of agility
 G - a potion of resistance {unknown}
 H - 2 potions of curing
 P - 2 potions of invisibility {unknown}
Books
 b - a book of Flames
Comestibles
 c - 7 bread rations
 o - 5 meat rations
 r - a slice of pizza
 s - 3 fruits
 v - a royal jelly
 A - 9 beef jerkies

Dungeon Overview and Level Annotations

Branches:
Dungeon (8/15)             Temple (1/1) D:7             Orc (0/2) D:10
   Lair: D:8-11

Altars:
Cheibriados
Fedhas
Gozag
Kikubaaqudgha
Makhleb
Nemelex Xobeh
Okawaru
Pakellas
Qazlal
Ru
Sif Muna
Trog
Vehumet
Yredelemnul
Zin
The Shining One

Shops:
D:4 %

Annotations:
D:3 exclusion: upstairs
D:10 1 runed door


Message History

The orc priest miscasts a cantrip.
The orc hits you but does no damage.
You barely miss the orc. The orc hits you with a morningstar.
The orc hits you with a whip.
The orc wizard casts a spell.
The orc wizard blinks!
The orc wizard mumbles some strange words.
The orc wizard seems to speed up.
The orc closely misses you.
The orc priest invokes the aid of Beogh against you.
Something smites you!
You hear a bellow! x2
The hill giant throws a throwing net.
The throwing net hits you.
You become entangled in the net!
The orc wizard mumbles some strange words.
The orc wizard seems to speed up.
The orc priest miscasts a cantrip. 3 yaks come into view.
You see here a throwing net.
You struggle to escape the net.
The orc hits you with a morningstar! The orc barely misses you.
You struggle to escape the net.
The yak bellows!
The orc priest hits you but does no damage.
The orc barely misses you. 2 yaks come into view.
You try to slip out of the net.
The orc priest hits you with a hand axe.
The orc completely misses you.
The orc wizard gestures at you while chanting.
The magic dart hits something.
The orc priest hits you but does no damage.
You struggle against the net.
The orc priest calls down the wrath of Beogh upon you.
Something smites you!
You die...

... ...#
..P..########
.............#
........<.....##
....P..........#
........YC.....###
..P..YY..o@.......
...Y..Y.oo.o.....#
.....Y...oo......#
#.....o.o......#
##....[........#
#..............
..................
..................
....###.?.........


You could see a hill giant, 6 yaks, 2 orc priests, 2 orc wizards and 4 orcs.

Action                   |  1- 3 |  4- 6 |  7- 9 | 10-12 || total
-------------------------+-------+-------+-------+-------++-------
Melee: Short sword       |       |       |     4 |     1 ||     5
       Whip              |       |       |     6 |       ||     6
 Cast: Flame Tongue      |    50 |    95 |   278 |    13 ||   436
       Conjure Flame     |       |     2 |    19 |     2 ||    23
       Sticky Flame      |       |     1 |    14 |     1 ||    16
       Fireball          |       |       |     6 |       ||     6
  Use: Scroll            |       |       |     7 |     1 ||     8
  Eat: Chunk             |     3 |     7 |    19 |       ||    29

Notes
Turn   | Place    | Note
--------------------------------------------------------------
     0 | D:1      | Duffy the Deep Elf Fire Elementalist began the quest for the Orb.
     0 | D:1      | Reached XP level 1. HP: 10/10 MP: 6/6
   334 | D:1      | You fall through a shaft!
   361 | D:1      | Reached XP level 2. HP: 15/15 MP: 6/8
   465 | D:1      | Reached skill level 2 in Conjurations
   972 | D:2      | Noticed Ijyb
   982 | D:1      | Killed Ijyb
   982 | D:1      | Reached skill level 4 in Spellcasting
   982 | D:1      | Reached XP level 3. HP: 16/19 MP: 1/10
  1098 | D:2      | Found a sparkling altar of Nemelex Xobeh.
  1145 | D:2      | Noticed Sigmund
  1315 | D:1      | Learned a level 3 spell: Conjure Flame
  1355 | D:2      | Reached skill level 3 in Conjurations
  1474 | D:2      | Found an opulent altar of Gozag.
  1474 | D:2      | Found a snail-covered altar of Cheibriados.
  1477 | D:2      | Found a glowing silver altar of Zin.
  1822 | D:3      | Found a faded altar to an unknown god.
  1928 | D:3      | Reached XP level 4. HP: 24/24 MP: 10/12
  2282 | D:3      | Noticed Daviar's ghost (amateur VSMo)
  2299 | D:3      | Killed Daviar's ghost
  2299 | D:3      | Reached skill level 5 in Spellcasting
  2299 | D:3      | Reached skill level 4 in Conjurations
  2299 | D:3      | Reached skill level 4 in Fire Magic
  2299 | D:3      | Reached XP level 5. HP: 28/28 MP: 1/14
  2470 | D:3      | Learned a level 4 spell: Sticky Flame
  2476 | D:3      | Learned a level 5 spell: Fireball
  3489 | D:2      | Killed Sigmund
  3489 | D:2      | Reached skill level 5 in Conjurations
  3489 | D:2      | Reached skill level 5 in Fire Magic
  3489 | D:2      | Reached XP level 6. HP: 32/32 MP: 9/16
  3615 | D:2      | Found a blossoming altar of Fedhas.
  3618 | D:2      | Found an ancient bone altar of Kikubaaqudgha.
  3858 | D:2      | Found an oddly glowing altar of Pakellas.
  3858 | D:2      | Noticed an orange crystal statue
  3860 | D:2      | Noticed a troll
  3868 | D:2      | Killed an orange crystal statue
  4260 | D:4      | Reached XP level 7. HP: 36/36 MP: 9/17
  4395 | D:4      | Reached skill level 6 in Spellcasting
  4514 | D:4      | Reached skill level 6 in Conjurations
  4514 | D:4      | Reached skill level 6 in Fire Magic
  4935 | D:4      | Found Lojishrun's Food Boutique.
  5049 | D:4      | Reached XP level 8. HP: 41/41 MP: 14/20
  5210 | D:5      | Entered Level 5 of the Dungeon
  5642 | D:5      | Reached skill level 7 in Spellcasting
  5642 | D:5      | Reached skill level 7 in Conjurations
  5709 | D:5      | Reached skill level 7 in Fire Magic
  6758 | D:6      | Noticed Pikel
  6791 | D:6      | Killed Pikel
  6791 | D:6      | Reached skill level 8 in Conjurations
  6791 | D:6      | Reached skill level 8 in Fire Magic
  7001 | D:6      | Reached XP level 9. HP: 45/45 MP: 18/22
  7056 | D:6      | Noticed Edmund
  7335 | D:6      | Noticed Prince Ribbit
  7341 | D:6      | Killed Prince Ribbit
  7341 | D:6      | Reached skill level 8 in Spellcasting
  7409 | D:6      | Killed Edmund
  7783 | D:6      | Reached skill level 9 in Conjurations
  7894 | D:7      | Noticed a troll
  7895 | D:7      | Reached skill level 9 in Fire Magic
  7910 | D:7      | Killed a troll
  8608 | D:7      | Found a sacrificial altar of Ru.
  8978 | D:7      | Reached skill level 10 in Conjurations
  9001 | D:7      | Reached skill level 10 in Fire Magic
  9178 | D:7      | Found an iron altar of Okawaru.
  9224 | D:7      | Found a glowing golden altar of the Shining One.
  9276 | D:7      | Found a staircase to the Ecumenical Temple.
  9285 | Temple   | Entered the Ecumenical Temple
  9292 | Temple   | Became a worshipper of Vehumet
  9586 | D:7      | Reached XP level 10. HP: 50/50 MP: 16/24
  9896 | D:8      | You fall through a shaft for 2 floors!
  9896 | D:10     | Entered Level 10 of the Dungeon
  9896 | D:10     | Found a staircase to the Orcish Mines.
  9901 | D:10     | Found a huge runed gate.
  9901 | D:10     | Noticed a hill giant
  9910 | D:10     | Killed from afar by an orc priest

Vault maps used:
D:1:      dpeg_arrival_round_a, minivault_14
D:2:      grunt_temple_overflow_growth_and_decay,
          nicolae_overflow_hidden_temple, nicolae_overflow_crystal_walls,
          first_bread, minmay_liquid_box, gammafunk_pakellas_statue_experiment,
          uniq_iyjb, uniq_sigmund
D:3:      ecumenical_altar_1
D:4:      serial_shops, kennysheep_mini_moat, kennysheep_generic_room_11
D:5:      st_stairs_7
D:6:      uniq_prince_ribbit1, uniq_edmund, uniq_pikel
D:7:      okawaru_humans, kennysheep_mini, lemuel_coloured_pillars_altar,
          lemuel_temple_firewalk, grunt_ogre_cave, nrook_mini_backslash
D:8:      overflow_temple_1_default, lair_0_dummy, cheibrodos_ashenzari_chains,
          uniq_erolcha
D:10:     lemuel_bear_cage, zombieorc2_lemuel, minmay_misc_feat_plants,
          st_stairs_3
Temple:   nicolae_temple_no_exploring_needed

Vanquished Creatures
  An orange crystal statue Pikel
  A troll Prince Ribbit Sigmund
  2 humans
  A hungry ghost Edmund
  The ghost of Daviar the Ruffian, an amateur VSMo
  A water moccasin
  An ice beast
  An orc warrior
  A slave
  A sky beast
  7 ogres
  2 phantoms
  2 centaurs
  2 giant frogs
  A wyvern zombie
  5 scorpions
  3 wights
  A crimson imp
  A centaur zombie
  3 hounds
  A quasit
  4 orc wizards
  2 jellies
  3 orc priests
  2 centaur skeletons
  2 giant frog skeletons
  4 iguanas Ijyb
  2 worker ants
  A killer bee zombie
  A hound zombie
  A worker ant zombie
  4 gnolls
  8 adders
  A shadow imp
  An ooze
  5 worms
  3 giant geckos
  25 orcs
  3 bats
  5 giant cockroaches
  7 goblins
  6 hobgoblins
  11 jackals
  7 kobolds
  10 quokkas
  4 ball pythons
  A giant gecko skeleton
  5 giant newts
  4 rats
176 creatures vanquished.
